 Dungeon Crawl Stone Soup version 0.30.1-11-g7821555f0a (webtiles) character file.

Game seed: 14986840995148909463

443 lonewolfV2 the Covered (level 7, -6/54 (58) HPs)
             Began as a Formicid Fighter on Dec 6, 2023.
             Was a Follower of Qazlal.
             Mangled by a wight
             ... wielding a +0 great sword
              (9 damage)
             ... on level 6 of the Dungeon.
             The game lasted 00:06:50 (4126 turns).

lonewolfV2 the Covered (Formicid Fighter)           Turns: 4126, Time: 00:06:52

HP:   -6/54 (58)    AC: 17    Str: 20    XL:     7   Next: 23%
MP:   7/7           EV:  1    Int:  8    God:    Qazlal [*.....]
Gold: 246           SH: 11    Dex: 15    Spells: 6/6 levels left

rFire   . . .        a - +0 war axe (heavy)
rCold   . . .        b - +0 kite shield
rNeg    . . .        k - +0 crystal plate armour
rPois   .            (helmet unavailable)
rElec   .            (no cloak)
rCorr   .            (no gloves)
SInv    +            (no boots)
Will    .....        (no amulet) Stlth
                     (no ring)
HPRegen 0.29/turn    (no ring)
MPRegen 0.10/turn

%: no passive effects
@: drained
A: permanent stasis, dig shafts and tunnels, antennae 3, four strong arms
a: Dig, Shaft Self, Renounce Religion


You were on level 6 of the Dungeon.
You worshipped Qazlal.
Qazlal was aware of your devotion.
You visited 1 branch of the dungeon, and saw 6 of its levels.

You collected 246 gold pieces.

Inventory:

Hand Weapons
 a - a +0 heavy war axe (weapon)
 h - the +12 dagger of Cij Eminarch {drain, rF+++ rN+ Str-2 Stlth+}
   (You took it off a kobold on level 2 of the Dungeon)

   Str:       It affects your strength (-2).
   rF:        It renders you almost immune to fire.
   rN:        It protects you from negative energy.
   Stlth:     It makes you more stealthy.
Armour
 b - a +0 kite shield (worn)
 k - a +0 crystal plate armour (worn)
Wands
 n - a wand of flame (22)
Scrolls
 i - a scroll of silence
 j - a scroll of identify
 l - a scroll of amnesia
Potions
 c - 2 potions of attraction
 d - a potion of might
 e - a potion of resistance
 f - 2 potions of magic
 g - 2 potions of flight
 m - 2 potions of brilliance {unknown}
 o - 2 potions of heal wounds {unknown}
 q - 2 potions of invisibility {unknown}
 r - 2 potions of lignification {unknown}


   Skills:
 - Level 6.0 Fighting
 * Level 2.9 Axes
 - Level 6.0 Armour
 + Level 4.5 Shields


You had 6 spell levels left.
You didn't know any spells.
Your spell library contained the following spells:

 Spells                   Type           Power      Damage    Failure   Level
 Sting                    Tmut/Pois      0%         1d3       100%        1
 Poisonous Vapours        Pois/Air       0%         N/A       100%        2
 Dazzling Flash           Conj/Hex       0%         N/A       100%        3
 Frozen Ramparts          Ice            0%         1d1       100%        3
 Mephitic Cloud           Conj/Pois/Air  0%         N/A       100%        3
 Tukima's Dance           Hex            0%         N/A       100%        3
 Volatile Blastmotes      Fire/Tloc      0%         2d10      100%        3
 Ice Form                 Ice/Tmut       0%         N/A       100%        4
 Iskenderun's Mystic Bla  Conj/Tloc      0%         2d3       100%        4
 Olgreb's Toxic Radiance  Pois           0%         N/A       100%        4
 Passage of Golubria      Tloc           0%         N/A       100%        4
 Summon Ice Beast         Ice/Summ       0%         N/A       100%        4
 Freezing Cloud           Conj/Ice/Air   0%         6-21      100%        5
 Yara's Violent Unravell  Hex/Tmut       0%         3d3       100%        5
 Starburst                Conj/Fire      0%         6d3       100%        6


Dungeon Overview and Level Annotations

Branches:
Dungeon (6/15)
 Temple: D:4-7

Altars:
Ashenzari
Cheibriados
Qazlal

Shops:
D:2 (   D:4 ?

Annotations:
D:4 1 runed translucent door, Barill's ghost, amateur DrWn


Innate Abilities, Weirdness & Mutations

You cannot be hasted, slowed, berserked, paralysed or teleported.
You can dig through walls and to a lower floor.
You have a pair of large antennae on your head. (SInv)
Your four strong arms can wield two-handed weapons with a shield.


Message History

Found an escape hatch in the ceiling.
There is a stone staircase leading up here.
You see here a scroll of teleportation.
j - a scroll of identify Key pressed, stopping explore.
n - a wand of flame (22)
A hound comes into view.
The hound barks!
A hound is nearby!
A hound is nearby!
A hound is nearby!
A wight comes into view. It is wielding a +0 hand axe.
A wight comes into view. It is wielding a +4 falchion.
A wight comes into view. It is wielding a +0 great sword.
The hound bites you but does no damage. x2
You block the hound's attack. The wight hits you but does no damage.
You closely miss the wight. You slash the hound! You hit the wight.
You block the hound's attack. The hound bites you but does no damage.
The wight hits you with a +0 hand axe!
You feel drained. The wight hits you with a +4 falchion!
You feel drained. You block the hound's attack.
The wight hits you but does no damage. x2
You barely miss the wight. You hit the hound.
You hit the wight but do no damage. x2; The hound bites you but does no damage.
You block the hound's attack. You block the wight's attack.
The wight hits you with a +0 great sword.
The wight hits you but does no damage. The hound bites you but does no damage.
The wight hits you but does no damage. x3; You block the hound's attack.
You slash the wight!
The wight is almost destroyed.
You barely miss the wight. You hit the hound. You slash the wight!
The hound is engulfed in blazing flames.
You kill the hound!
Qazlal accepts your kill. The wight hits you with a +0 hand axe.
The wight hits you with a +0 great sword!
* * * LOW HITPOINT WARNING * * *
The wight hits you with a +4 falchion!
* * * LOW HITPOINT WARNING * * *
The wight hits you with a +0 great sword!
You die...

## #.### ....##
####.....##
####...#......
#####.##..........
#..#.....○.z......
##.........@z......
#...##.##.°.z......
###..##.#...........
##.#..##.............
##..........##..##...#
#...........#........#
##....................
####.................
.##...............


You could see 3 wights.

Vanquished Creatures
  2 scorpions
  2 hounds
  A sleepcap (D:5)
  Jessica (D:2)
  2 iguanas
  A mummy (D:4)
  A gnoll (D:1)
  8 adders
  A white imp (D:5)
  An ufetubus (D:5)
  4 worms
  A dart slug (D:4)
  6 orcs
  4 endoplasms
  5 giant cockroaches
  2 goblins
  8 hobgoblins
  4 jackals
  9 kobolds
  4 quokkas
  5 ball pythons
  5 bats
  3 frilled lizards
  4 rats
84 creatures vanquished.

Notes
Turn   | Place    | Note
-------+----------+-------------------------------------------
     0 | D:1      | lonewolfV2 the Formicid Fighter began the quest for the
                  | Orb.
     0 | D:1      | Reached XP level 1. HP: 18/18 MP: 1/1
   131 | D:1      | Reached XP level 2. HP: 24/24 MP: 2/2
   488 | D:1      | Reached XP level 3. HP: 18/30 MP: 3/3
   888 | D:2      | Found a stormy altar of Qazlal.
   888 | D:2      | Found Lacup's Weapon Boutique.
   898 | D:2      | Became a worshipper of Qazlal Stormbringer
   932 | D:2      | Found a faded altar of an unknown god.
   982 | D:2      | Reached XP level 4. HP: 37/37 MP: 4/4
  1042 | D:2      | Identified the +12 dagger of Cij Eminarch {drain, rF+++ rN+
                  | Str-2 Stlth+}
  1144 | D:2      | Noticed Jessica
  1155 | D:2      | Killed Jessica
  1332 | D:2      | Reached XP level 5. HP: 35/43 MP: 5/5
  2225 | D:3      | Found a broken altar of Ashenzari.
  2245 | D:3      | Reached skill level 5 in Fighting
  2529 | D:4      | Reached skill level 5 in Armour
  2621 | D:4      | Found a runed translucent door.
  2621 | D:4      | Noticed Barill's ghost (amateur DrWn)
  2621 | D:4      | Noticed a yak
  2762 | D:4      | Identified the +1 dagger of Etoagev {antimagic, rElec
                  | Dex+6}
  2793 | D:4      | Reached XP level 6. HP: 39/51 MP: 6/6
  3042 | D:4      | Reached * piety under Qazlal
  3073 | D:4      | Found Jonarr's Magic Scroll Boutique.
  3129 | D:4      | Found a snail-covered altar of Cheibriados.
  3491 | D:5      | Entered Level 5 of the Dungeon
  3588 | D:5      | Reached XP level 7. HP: 58/58 MP: 7/7
  4126 | D:6      | Mangled by a wight

Illustrated notes

Levels and vault maps discovered:
D:1:      dpeg_arrival_simpleton_b, layout_loops_ring
D:2:      layout_basic, basic_altar, serial_shops, shop,
          ebering_ecumenical_altar_abandoned, uniq_jessica
D:3:      layout_loops_ring, overflow_temple_1_default
D:4:      layout_loops_ring, chei_slow_surprise, serial_shops,
          kennysheep_little_box, ebering_ghost_inner_flame, serial_rivers,
          chequers_serial_rivers_micro_b, chequers_serial_rivers_micro_a,
          chequers_serial_rivers_room_a, chequers_serial_rivers_micro_e
D:5:      nicolae_cairo_tiling_large_dashed, layout_loops_ring
D:6:      layout_cave_pools, trog_hazing_becter, minmay_temple_entry_glass,
          uniq_duvessa, uniq_pikel

Skill      XL: |  1  2  3  4  5  6 |
---------------+-------------------+-----
Fighting       | 4 5 6 |  6.0
Armour         | 4 5 6 |  6.0
Axes           | |  2.9
Shields        | |  4.5

Action                     |  1- 3 |  4- 6 |  7- 9 || total
---------------------------+-------+-------+-------++-------
  Melee: War axe           |    60 |   135 |    19 ||   214
Ability: Dig               |     1 |       |       ||     1
    Use: Scroll            |     6 |     5 |     3 ||    14
 Armour: Scale mail        |    28 |     8 |       ||    36
         Crystal plate arm |       |   132 |    23 ||   155
  Dodge: Dodged            |    21 |    19 |     4 ||    44
  Block: Buckler           |    17 |    10 |       ||    27
         Kite shield       |       |   107 |    21 ||   128
